 Dungeon Crawl Stone Soup version 0.19.5 (webtiles) character file.

483 Jerry the Slasher (level 6, -1/56 HPs)
             Began as a Minotaur Fighter on Apr 2, 2017.
             Was a Follower of Okawaru.
             Slain by an orc priest
             ... wielding a +0 mace
              (11 damage)
             ... on level 5 of the Dungeon.
             The game lasted 00:07:36 (4081 turns).

Jerry the Slasher (Minotaur Fighter)                Turns: 4081, Time: 00:07:36

Health: -1/56      AC:  1    Str: 21    XL:     6   Next: 87%
Magic:  6/6        EV: 10    Int:  6    God:    Okawaru [*.....]
Gold:   219        SH:  0    Dex:  5    Spells: 0 memorised, 5 levels left

rFire  . . .     SeeInvis .     a - +0 long sword
rCold  . . .     Gourm    .     b - +0 scale mail
rNeg   . . .     Faith    .     (no shield)
rPois  +         Spirit   .     (helmet restricted)
rElec  .         Reflect  .     (no cloak)
rCorr  .         Harm     .     n - +1 pair of gloves
MR     .....                    (no boots)
Stlth  ..........               (no amulet)
                                x - ring of poison resistance
                                m - -5 ring of dexterity (curse)

@: corroded
A: retaliatory headbutt, horns 2
a: Heroism, Renounce Religion


You were on level 5 of the Dungeon.
You worshipped Okawaru.
Okawaru was aware of your devotion.
You were very hungry.

You visited 1 branch of the dungeon, and saw 5 of its levels.

You collected 219 gold pieces.

Inventory:

Hand Weapons
 a - a +0 long sword (weapon)
 o - a +1 short sword of venom
 q - a +2 dagger of venom
Armour
 b - a +0 scale mail (worn)
 c - a +0 shield
 n - a +1 pair of gloves (worn)
Jewellery
 m - a cursed -5 ring of dexterity (left hand)
 v - an uncursed ring of protection from cold
 x - a ring of poison resistance (right hand)
Scrolls
 e - 2 scrolls of identify
 j - a scroll of remove curse {unknown}
 r - a scroll of random uselessness {unknown}
 u - 2 scrolls of blinking
Potions
 d - 2 potions of might
 g - a potion of flight
 i - 4 potions of curing
 k - a potion of cancellation
 l - 5 potions of heal wounds
 p - a potion of haste {unknown}
 s - a potion of mutation {unknown}
Comestibles
 f - 6 bread rations
 h - 3 meat rations
 t - a slice of pizza


   Skills:
 + Level 5.1 Fighting
 * Level 5.4 Long Blades
 + Level 5.3 Armour
 + Level 3.3 Dodging
 - Level 3.6 Shields
 + Level 1.5 Invocations


You had 5 spell levels left.
You didn't know any spells.

Dungeon Overview and Level Annotations

Branches:
Dungeon (5/15)
 Temple: D:4-7

Altars:
Cheibriados
Fedhas
Makhleb
Okawaru
Sif Muna
Xom
Yredelemnul


Innate Abilities, Weirdness & Mutations

You reflexively headbutt those who attack you in melee.
You have a pair of horns on your head.


Message History

The orc is severely wounded.
The orc closely misses you. You furiously retaliate!
You headbutt the orc.
You kill the orc!
Okawaru accepts your kill.
You start resting.
An orc priest comes into view. It is wielding a mace.
The orc priest invokes the aid of Beogh against you.
Pain shoots through your body!
An orc wizard comes into view. It is wielding a dagger.
The orc priest hits you with a mace!
* * * LOW HITPOINT WARNING * * *
There is an open door, spattered with blood here.
You hit the orc priest.
The orc priest is lightly wounded.
The orc priest hits you with a mace.
* * * LOW HITPOINT WARNING * * *
You closely miss the orc priest.
The orc priest is lightly wounded.
The orc priest hits you with a mace!
You die...

#....# #....#
#....## #.....#
#.....# #.....#
#!....+ #..#
#.oo..# ####..#
##@#...... ...#..#
#..# .....
...#..#########..#
....
...#...#.....'...#
...
...#...#.....#...#
..
..##...#.....#..##
.
..##...##'#######
...........#
.......>...#


You could see an orc priest and an orc wizard.

Vanquished Creatures
  A scorpion (D:4)
  A hound (D:4)
  2 orc priests (D:4)
  A jelly (D:5)
  2 bullfrog skeletons (D:4)
  An iguana (D:4)
  A worker ant (D:2)
  7 adders
  4 gnolls
  An ooze (D:2)
  An adder skeleton (D:4)
  4 worms
  A dart slug (D:1)
  2 leopard geckos
  6 orcs
  7 giant cockroaches
  10 goblins
  7 hobgoblins
  2 jackals (D:3)
  3 quokkas
  3 ball pythons
  7 bats
  4 frilled lizards
  A jackal skeleton (D:4)
  13 kobolds
  A quokka skeleton (D:4)
  11 rats
104 creatures vanquished.

Notes
Turn   | Place    | Note
-------+----------+-------------------------------------------
     0 | D:1      | Jerry the Minotaur Fighter began the quest for the Orb.
     0 | D:1      | Reached XP level 1. HP: 19/19 MP: 0/0
   141 | D:1      | Reached XP level 2. HP: 18/27 MP: 1/1
   145 | D:1      | Reached skill level 1 in Dodging
   530 | D:1      | Reached XP level 3. HP: 28/33 MP: 2/2
  1205 | D:2      | Found a faded altar of an unknown god.
  1441 | D:2      | Reached XP level 4. HP: 34/41 MP: 3/3
  1647 | D:2      | Found a basalt altar of Yredelemnul.
  2071 | D:3      | Found a burning altar of Makhleb.
  2074 | D:3      | Found a blossoming altar of Fedhas.
  2075 | D:3      | Found a shimmering altar of Xom.
  2076 | D:3      | Found a deep blue altar of Sif Muna.
  2105 | D:3      | Found a snail-covered altar of Cheibriados.
  2106 | D:3      | Found an iron altar of Okawaru.
  2118 | D:3      | Became a worshipper of Warmaster Okawaru
  2217 | D:3      | Reached XP level 5. HP: 37/47 MP: 4/4
  3102 | D:4      | Reached skill level 1 in Invocations
  3103 | D:4      | Reached XP level 6. HP: 55/55 MP: 5/5
  3119 | D:4      | Reached skill level 5 in Armour
  3312 | D:4      | Reached skill level 5 in Fighting
  3312 | D:4      | Reached skill level 5 in Long Blades
  3962 | D:4      | Reached * piety under Okawaru
  4029 | D:5      | Entered Level 5 of the Dungeon
  4081 | D:5      | Slain by an orc priest

Skill      XL: |  1  2  3  4  5  6 |
---------------+-------------------+-----
Dodging        | 1 2 3 |  3.3
Fighting       | 4 5 |  5.1
Long Blades    | 3 4 5 |  5.4
Armour         | 4 5 |  5.3
Invocations    | 1 |  1.5
Shields        | |  3.6

Action                   |  1- 3 |  4- 6 || total
-------------------------+-------+-------++-------
Melee: Long sword        |   101 |   174 ||   275
       Headbutt          |    16 |    28 ||    44
  Use: Scroll            |       |     9 ||     9
  Eat: Chunk             |     2 |     7 ||     9
Armor: Scale mail        |    45 |    88 ||   133
Dodge: Dodged            |    46 |   118 ||   164
       Rpst.: Long sword |     9 |    32 ||    41
